SCURSCUM, neutral female scurrid Archeologist ------------------------- |.......................| |................}}.....| ---------.....}}}}.....}}}}.....------- | }.........}}}..}}....}*[..}}}}.}}}}}} |}}}.. }}}..}}}s...k...*..}}....}}}}}}... |}}}}}o}.. }}}}}}...%........}}.......... }......... }...}...........?}........ -f.G.....a.a -...}........}}}}.......- |[.........a..... |...}}}.%..}}}.}........| ---------........}}}}....}}... ---------....}}..}}}....F.......--------- |}}}.......+ch}}}.........}}}....e.}}}........}}}}}}.......}}}..<......}| |}}}}...l....}}}.....e.......}...}}..}}}}}}....}}.}.....}}}...}}}....}}}| |}}}}}}}}..}}}.}}}}}}.......?.}}}......}}}}}.........}}}}........}}}}}}}| |}}}}}}..}}}........}}}...}}}}............}}}}}..}}}}.}}}}}r.......}}}}}| ---------.. ---------.....}}}....}@}}}})..).--------- | |...a...........}}......| |..aa.a........>%.......| ------------------------- SCURSCUM the Digger Experience level: 1 Strength: 14 Dexterity: 10 Constitution: 14 Intelligence: 12 Wisdom: 16 Charisma: 9 Health: 0(12) Energy: 2(2) Def: 0 Gold: 0 Moves: 33 Dungeon seed: GHPr85atTzpc-v8p Game ID: SCURSCUM_1498607584 Your Inventory: Wands d - an uncursed wand of light (0:14) Tools c - an uncursed pair of lenses g - an uncursed tin opener (alternate weapon; not wielded) h - an uncursed oil lamp (0:1282) Gems q - an uncursed touchstone Spells and supernatural/magical abilities: Name Level Category Fail Memory W - pray for help -- divine ? -- Your skills at the end: Miscellaneous Skills wands [Basic] Weapon Skills whip [Basic] Spellcasting Skills Final Attributes: You were devoutly aligned. You had infravision. You were very stealthy. You were fast. You are dead. Voluntary challenges: You went without food. You did not adorn yourself with jewelry or accessories. You did not cause conflict. You were not invisible. You did not have reflection. You were not displaced. You were an atheist. You never hit with a wielded weapon. You were a pacifist. You did not use tools. You did not use plumbed fixtures. You did not drink any magical draughts. You were illiterate. You never genocided any monsters. You never polymorphed an object. You never changed form. You used no wishes. You never split a pudding. You never wrote Elbereth's name. You never violated your personal moral code. Dungeon overview: The Dungeons of Doom: levels 1 to 13 Level 1 a long staircase Level 2 Level 3 Level 4 a fountain Level 5 Level 6 Level 7 Level 8 a long staircase Level 9 Level 10 Level 11 Level 12 Level 13 <- You were here History has recorded: On T:1 you entered the Dungeons of Doom to retrieve the Amulet of Yendor! On T:4 you reached level 2 of The Dungeons of Doom. On T:6 you reached level 3 of The Dungeons of Doom. On T:9 you reached level 4 of The Dungeons of Doom. On T:11 you reached level 5 of The Dungeons of Doom. On T:14 you reached level 6 of The Dungeons of Doom. On T:16 you reached level 7 of The Dungeons of Doom. On T:19 you reached level 8 of The Dungeons of Doom. On T:22 you reached level 9 of The Dungeons of Doom. On T:24 you reached level 10 of The Dungeons of Doom. On T:27 you reached level 11 of The Dungeons of Doom. On T:30 you reached level 12 of The Dungeons of Doom. On T:32 you reached level 13 of The Dungeons of Doom. Score breakdown: Gold: 0 ( 0 points) Experience: 1 level ( 0 points) Exploration: 13 levels ( 360 points) Discoveries: 0 items ( 0 points) Variety of kills: 0 monsters ( 0 points) Major goal: (nothing yet) ( 0 points) Survival: died (score multiplied by 3) Total score: 1080 Latest messages: You start digging downward. You continue digging downward. You dig a pit in the floor. You continue digging downward. You dig a hole through the floor. You fall through... You have no weapon equipped. You start digging downward. You continue digging downward. You dig a pit in the floor. You continue digging downward. You dig a hole through the floor. You fall through... You receive a faint telepathic message from Lord Carnarvon: Your help is urgently needed at the College of Archeology! Look for a ...ic transporter. You couldn't quite make out that last message. You hear rumbling in the distance. You fall into the lava! Your leather jacket bursts into flame! Your pair of leather gloves bursts into flame! You burn to a crisp... Final status: Goodbye SCURSCUM the Archeologist, burned by molten lava... You burned in The Dungeons of Doom on dungeon level 13 with 1080 points, and 0 pieces of gold, after 33 moves. You were level 1 with a maximum of 12 hit points when you burned.